 Dungeon Crawl Stone Soup version 0.25-a0-356-g7c9d860b3b (webtiles) character file.

Game seed: 11993728387426701834, levelgen mode: deterministic

5273 Borgoz the Cleaver (level 10, -1/64 HPs)
             Began as a Gargoyle Gladiator on Jan 3, 2020.
             Was a Priest of Makhleb.
             Slain by an orc warrior
             ... wielding a +0 glaive
              (19 damage)
             ... on level 9 of the Dungeon.
             The game lasted 00:13:24 (8365 turns).

Borgoz the Cleaver (Gargoyle Gladiator)             Turns: 8365, Time: 00:13:25

Health: -1/64      AC: 20    Str: 25    XL:     10   Next: 63%
Magic:  10/10      EV: 14    Int:  8    God:    Makhleb [***...]
Gold:   418        SH:  0    Dex: 11    Spells: 9/9 levels left

rFire    + . .     SeeInvis +   v - +0 hand axe (flame)
rCold    . . .     Gourm    +   (no shield)
rNeg     + . .     Faith    .   I - +1 ring mail {rF+}
rPois    ∞         Spirit   .   c - +0 helmet
rElec    +         Reflect  .   y - +0 cloak
rCorr    .         Harm     .   D - +0 pair of gloves
MR       .....                  H - +0 pair of boots
Stlth    ..........             l - amulet of the gourmand
HPRegen  0.20/turn              t - ring of see invisible
MPRegen  0.12/turn              d - +3 ring of strength

@: confused
A: negative energy resistance 1, electricity resistance, unbreathing,
petrification resistance, rot immunity, AC +7
a: Minor Destruction, Lesser Servant of Makhleb, Renounce Religion


You were on level 9 of the Dungeon.
You worshipped Makhleb.
Makhleb was most pleased with you.
You were completely stuffed.

You visited 2 branches of the dungeon, and saw 10 of its levels.

You collected 516 gold pieces.
You spent 98 gold pieces at shops.

Inventory:

Hand Weapons
 v - a +0 hand axe of flaming (weapon)
Armour
 c - a +0 helmet (worn)
 y - a +0 cloak (worn)
 D - a +0 pair of gloves (worn)
 H - a +0 pair of boots (worn)
 I - a +1 ring mail of fire resistance (worn)
Jewellery
 d - a +3 ring of strength (right hand)
 e - a +2 ring of intelligence
 l - an amulet of the gourmand (around neck)
 t - a ring of see invisible (left hand)
Wands
 u - a wand of digging (2)
 K - a wand of random effects (13)
Scrolls
 a - 2 scrolls of identify
 h - 4 scrolls of remove curse {unknown}
 i - 10 scrolls of teleportation
 j - 6 scrolls of enchant weapon
 p - 4 scrolls of fear {unknown}
 r - a scroll of blinking {unknown}
 C - 2 scrolls of magic mapping
 E - 3 scrolls of enchant armour
Potions
 g - a potion of cancellation {unknown}
 k - a potion of invisibility
 n - 2 potions of curing
 o - 3 potions of haste
 q - 2 potions of flight
 w - a potion of heal wounds
 z - a potion of berserk rage
 A - a potion of might
 J - 2 potions of agility
Comestibles
 b - 11 chunks of flesh
 f - 16 rations


   Skills:
 + Level 7.8 Fighting
 * Level 9.4 Axes
 - Level 1.7 Throwing
 + Level 7.5 Armour
 + Level 6.3 Dodging


You had 9 spell levels left.
You didn't know any spells.
Your spell library contained the following spells:

 Spells                   Type           Power        Failure   Level  Hunger
 Animate Skeleton         Necr           N/A          54%         1    ##.....
 Apportation              Tloc           #.....       54%         1    ##.....
 Confusing Touch          Hex            #.....       54%         1    ##.....
 Summon Small Mammal      Summ           #...         54%         1    ##.....


Dungeon Overview and Level Annotations

Branches:
Dungeon (9/15)             Temple (1/1) D:5
   Lair: D:8-11         Orc: D:9-12

Altars:
Ashenzari
Cheibriados
Dithmenos
Elyvilon
Fedhas
Gozag
Hepliaklqana
Kikubaaqudgha
Makhleb
Nemelex Xobeh
Okawaru
Qazlal
Ru
Sif Muna
Trog
Uskayaw
Vehumet
Wu Jian
Xom
Yredelemnul
Zin
The Shining One

Shops:
D:6 *   D:7 [

Annotations:
D:8 3 runed translucent doors, TheNamelessOne's ghost, novice OpVM


Innate Abilities, Weirdness & Mutations

You are resistant to torment.
Your stone body is resilient. (AC +7)
You are immune to poison.
You resist negative energy. (rN+)
You are resistant to electric shocks. (rElec)
You can survive without breathing.
You are immune to petrification.
You are immune to rotting.


Message History

You kill the orc wizard!
Makhleb accepts your kill.
You feel better.
A hound comes into view.
The orc warrior barely misses you.
Things that are here:
a +1 dagger of protection; a +0 robe; a hound corpse You hit the orc warrior.
You burn the orc warrior.
The orc warrior is severely wounded.
The orc warrior hits you with a +0 glaive!
* * * LOW HITPOINT WARNING * * *
You hit the orc warrior but do no damage.
The orc warrior is severely wounded.
The orc warrior barely misses you.
You hit the orc warrior but do no damage.
The orc warrior is severely wounded.
You are confused.
You feel invigorated.
The orc warrior hits you with a +0 glaive!!
You die...

#..# #..# #..# #..#
#########..##
##...........##
#.............######.
#..#''#....)o.)......
#.##).##....@........
#.##..##.....h.......
#..####..............
#...##......[........
#....................
####.................
##..................
##...................
#...............###..


You could see an orc warrior and a hound.

Vanquished Creatures
  Pikel (D:4)
  A manticore (D:7)
  Grinder (D:6)
  3 hippogriffs
  Eustachio (D:6)
  Menkaure (D:6)
  Edmund (D:8)
  4 slaves (D:4)
  A black bear (D:6)
  3 orc warriors (D:8)
  2 sky beasts
  3 ogres
  A phantom (D:7)
  A necrophage (D:7)
  2 bullfrogs
  2 scorpions
  8 killer bees
  2 howler monkeys
  3 crimson imps
  A bullfrog zombie (D:5)
  A centaur zombie (D:7)
  13 orc wizards
  7 hounds
  2 jellies
  A quasit (D:6)
  2 gnoll shamans
  5 orc priests
  2 iguanas
  Ijyb (D:5)
  A bullfrog skeleton (D:7)
  3 worker ants
  2 worker ant zombies
  5 gnolls
  10 adders
  2 shadow imps (D:8)
  An ooze (D:1)
  An adder skeleton (D:4)
  3 worms
  4 leopard geckos
  48 orcs
  2 ball pythons
  8 bats
  6 giant cockroaches
  7 goblins
  9 hobgoblins
  6 jackals (D:3)
  7 quokkas
  5 frilled lizards
  8 kobolds
  A leopard gecko skeleton (D:7)
  A quokka skeleton (D:7)
  10 rats
226 creatures vanquished.

Vanquished Creatures (others)
  A tengu conjurer (D:9)
1 creature vanquished.

Grand Total: 227 creatures vanquished

Notes
Turn   | Place    | Note
-------+----------+-------------------------------------------
     0 | D:1      | Borgoz the Gargoyle Gladiator began the quest for the Orb.
     0 | D:1      | Reached XP level 1. HP: 12/12 MP: 1/1
    28 | D:1      | Reached XP level 2. HP: 16/18 MP: 2/2
    34 | D:1      | Reached skill level 3 in Axes
   300 | D:1      | Reached skill level 1 in Armour
   346 | D:1      | Reached XP level 3. HP: 20/22 MP: 3/3
  1064 | D:2      | Reached XP level 4. HP: 27/27 MP: 4/4
  1479 | D:2      | Found a hide-covered altar of Uskayaw.
  2176 | D:3      | Reached XP level 5. HP: 11/32 MP: 5/5
  2461 | D:3      | Reached skill level 4 in Axes
  2715 | D:3      | Reached XP level 6. HP: 28/37 MP: 6/6
  3433 | D:4      | Reached XP level 7. HP: 35/43 MP: 7/7
  3451 | D:4      | Reached skill level 5 in Axes
  3918 | D:4      | Noticed Pikel
  3972 | D:4      | Killed Pikel
  3972 | D:4      | Reached skill level 5 in Fighting
  3972 | D:4      | Reached skill level 6 in Axes
  3972 | D:4      | Reached XP level 8. HP: 12/49 MP: 8/8
  4273 | D:5      | Entered Level 5 of the Dungeon
  4394 | D:5      | Noticed Grinder
  4394 | D:5      | Noticed Ijyb
  4415 | D:5      | Killed Ijyb
  4527 | D:5      | Found a staircase to the Ecumenical Temple.
  4581 | Temple   | Entered the Ecumenical Temple
  4731 | Temple   | Became a worshipper of Makhleb the Destroyer
  5179 | D:6      | Reached skill level 5 in Armour
  5370 | D:6      | Paralysed by Grinder for 7 turns
  5382 | D:6      | Paralysed by Grinder for 5 turns
  5394 | D:6      | Killed Grinder
  5394 | D:6      | Reached skill level 7 in Axes
  5394 | D:6      | Reached XP level 9. HP: 41/55 MP: 9/9
  5700 | D:6      | Noticed Eustachio
  5734 | D:6      | Reached skill level 5 in Dodging
  5752 | D:6      | Killed Eustachio
  5841 | D:6      | Found Quxagh's General Store.
  5885 | D:6      | Bought a scroll of identify for 28 gold pieces
  5885 | D:6      | Bought a scroll of identify for 28 gold pieces
  5885 | D:6      | Bought a scroll of teleportation for 42 gold pieces
  6028 | D:7      | Noticed Menkaure
  6043 | D:6      | Killed Menkaure
  6043 | D:6      | Reached * piety under Makhleb
  6274 | D:7      | Found a shadowy altar of Dithmenos.
  6471 | D:7      | Reached skill level 8 in Axes
  6515 | D:7      | Found a radiant altar of Vehumet.
  6597 | D:7      | Noticed a manticore
  6617 | D:7      | Killed a manticore
  6617 | D:7      | Reached XP level 10. HP: 28/63 MP: 10/10
  6819 | D:7      | Found Vovich's Armour Shoppe.
  7442 | D:8      | Reached ** piety under Makhleb
  7496 | D:8      | Noticed Edmund
  7507 | D:8      | Killed Edmund
  7629 | D:8      | Reached skill level 9 in Axes
  7944 | D:8      | Found a runed translucent gate.
  7946 | D:8      | Found a runed translucent gate.
  7946 | D:8      | Found an opulent altar of Gozag.
  7948 | D:8      | Found a runed translucent gate.
  7948 | D:8      | Noticed a centaur warrior
  7948 | D:8      | Noticed TheNamelessOne's ghost (novice OpVM)
  7984 | D:8      | Reached *** piety under Makhleb
  8365 | D:9      | Slain by an orc warrior

Levels and vault maps discovered:
D:1:      minmay_arrival_nine_rooms, layout_rooms, hangedman_decor_lopped
D:2:      layout_loops_corners, marbit_many_paths, first_ration,
          minmay_misc_feat_cross, lemuel_old_faithful
D:3:      layout_loops_ring
D:4:      layout_basic, grunt_ministairs_15, kennysheep_another_room, uniq_pikel
D:5:      layout_loops_ring, minmay_temple_entry_enclosed_plants, minmay_holes,
          uniq_ijyb, uniq_grinder, uniq_edmund
D:6:      layout_loops_ring, serial_shops, nicolae_shop_waterfront,
          kennysheep_pointless_box, uniq_eustachio
D:7:      layout_basic, basic_altar, serial_shops, nicolae_shop_trees,
          grunt_dithmenos_smoke, uniq_menkaure
D:8:      layout_basic, ebering_ghost_gozag, special_room [special_room_orc]
D:9:      layout_big_octagon, serial_gnoll_camp, gnoll_camp_mini_doghouse,
          grums_kennel, gnoll_camp_mini_basic, gnoll_camp_mini_shop,
          gnoll_camp_mini_hut, gnoll_camp_mini_loothouse
Temple:   minmay_crystal_snake_temple

Skill      XL: |  1  2  3  4  5  6  7  8  9 10 |
---------------+-------------------------------+-----
Axes           | 3 4 6 7 8 9 |  9.4
Armour         | 1 2 3 4 5 6 7 |  7.5
Fighting       | 3 4 5 7 |  7.8
Dodging        | 3 4 5 6 |  6.3
Throwing       | |  1.7

Action                   |  1- 3 |  4- 6 |  7- 9 | 10-12 || total
-------------------------+-------+-------+-------+-------++-------
Melee: War axe           |   112 |   199 |   358 |   180 ||   849
       Hand axe          |       |       |       |   136 ||   136
Throw: Throwing net      |     1 |       |     3 |       ||     4
  Use: Potion            |       |     4 |     1 |     2 ||     7
       Scroll            |       |     1 |    17 |       ||    18
 Stab: Held in net/web   |     1 |       |     1 |       ||     2
  Eat: Chunk             |       |    21 |    11 |     6 ||    38
Armor: Leather armour    |     6 |       |       |       ||     6
       Ring mail         |    62 |   124 |   279 |   192 ||   657
Dodge: Dodged            |   104 |   163 |   341 |   254 ||   862

Table legend:
 A = Non-vault XP
 B = Vault XP
 C = Vault XP percentage of total XP
 D = Non-vault monster count
 E = Vault monster count
 F = Vault count percentage of total count
                 A         B        C        D         E       F
            +---------+---------+-------+---------+---------+-------
      Total |    5483 |    2050 |  27.2 |     184 |      39 |  17.5
            +---------+---------+-------+---------+---------+-------
        D:1 |      66 |       0 |   0.0 |      28 |       0 |   0.0
        D:2 |      59 |       1 |   1.7 |      20 |       1 |   4.8
        D:3 |     266 |       0 |   0.0 |      32 |       0 |   0.0
        D:4 |     459 |     715 |  60.9 |      14 |       5 |  26.3
        D:5 |     353 |      39 |   9.9 |      12 |       1 |   7.7
        D:6 |     787 |     641 |  44.9 |      16 |       3 |  15.8
        D:7 |    1612 |       0 |   0.0 |      27 |       0 |   0.0
        D:8 |    1250 |     527 |  29.7 |      27 |      26 |  49.1
        D:9 |     631 |     127 |  16.8 |       8 |       3 |  27.3
            +---------+---------+-------+---------+---------+-------
